 Dungeon Crawl Stone Soup version 0.27-a0-550-ge92ec0ca06 (webtiles) character file.

Game seed: 9271797356835026814

1271 siradein the Arsonist (level 8, -10/41 HPs)
             Began as a Gargoyle Fire Elementalist on Mar 7, 2021.
             Killed by an exploding centaur (46 damage)
             ... ignited by their inner flame
             ... on level 6 of the Dungeon.
             The game lasted 00:19:35 (6616 turns).

siradein the Arsonist (Gargoyle Fire Elementalist)  Turns: 6616, Time: 00:19:35

Health: -10/41     AC:  7    Str: 13    XL:     8   Next: 53%
Magic:  17/20      EV: 11    Int: 23    God:
Gold:   167        SH:  0    Dex: 10    Spells: 4/11 levels left

rFire    . . .     SeeInvis .   w - +2 war axe (flame)
rCold    . . .     Faith    .   (no shield)
rNeg     + . .     Spirit   .   a - +0 robe
rPois    ∞         Reflect  .   (no helmet)
rElec    +         Harm     .   (no cloak)
rCorr    .         Rampage  .   (no gloves)
Will     .....                  (no boots)
Stlth    ++........             (no amulet)
HPRegen  0.13/turn              n - +6 ring of intelligence
MPRegen  0.17/turn              q - ring of magical power

@: no status effects
A: negative energy resistance 1, electricity resistance, torment resistance 1,
unbreathing 1, petrification resistance, AC +5
a: no special abilities


You were on level 6 of the Dungeon.
You visited 1 branch of the dungeon, and saw 6 of its levels.
You also visited: Sewer.

You collected 167 gold pieces.

Inventory:

Hand Weapons
 w - a +2 war axe of flaming (weapon)
Missiles
 e - 79 bolts
 u - 6 atropa-tipped darts
Armour
 a - a +0 robe (worn)
Jewellery
 n - a +6 ring of intelligence (left hand)
 q - a ring of magical power (right hand)
Wands
 v - a wand of digging (3)
Scrolls
 c - 5 scrolls of teleportation
 f - 6 scrolls of enchant weapon
 i - a scroll of vulnerability {unknown}
 k - 2 scrolls of blinking {unknown}
 l - a scroll of fear {unknown}
 m - 2 scrolls of magic mapping
 t - a scroll of amnesia
Potions
 b - 2 potions of might {unknown}
 d - 2 potions of heal wounds {unknown}
 g - 7 potions of curing
 h - 3 potions of magic {unknown}
 j - a potion of lignification {unknown}
 p - a potion of resistance {unknown}
 r - a potion of brilliance {unknown}


   Skills:
 - Level 1.5 Dodging
 - Level 2.1 Stealth
 - Level 2.0 Spellcasting
 - Level 1.1 Conjurations
 + Level 10.4 Fire Magic


You had 4 spell levels left.
You knew the following spells:

 Your Spells              Type           Power      Damage    Failure   Level
a - Foxfire               Conj/Fire      100%       2x1d9     1%          1
b - Conjure Flame         Conj/Fire      28%        6-21      3%          3
c - Inner Flame           Hex/Fire       26%        N/A       4%          3

Your spell library contained the following spells:

 Spells                   Type           Power      Damage    Failure   Level
 Sticky Flame             Conj/Fire      28%        2d5       12%         4
 Fireball                 Conj/Fire      14%        3d8       32%         5


Dungeon Overview and Level Annotations

Branches:
Dungeon (6/15)              Sewer (visited)
 Temple: D:4-7

Altars:
Fedhas
Kikubaaqudgha
Qazlal
Wu Jian
Zin


Innate Abilities, Weirdness & Mutations

Your stone body is resilient. (AC +5)
You are immune to poison.
You resist negative energy. (rN+)
You are resistant to electric shocks. (rElec)
You are resistance to unholy torment.
You can survive without breathing.
You are immune to petrification.


Message History

There is a stone staircase leading up here.
As you read the scroll of identify, it crumbles to dust.
t - a scroll of amnesia
As you read the scroll labelled BITIAFIZIC, it crumbles to dust.
You feel aware of your surroundings.
You sensed 1 altar, and 1 shop/portal.
It was a scroll of magic mapping.
An orc, an orc wizard and a centaur come into view.
The orc wizard shouts!
The centaur shouts!
The orc shouts!
You hear a shout!
The orc wizard casts a spell at you. The magic dart hits you.
An adder comes into view.
An orc priest, an orc wizard and a zombie come into view.
The orc wizard is wielding a +0 vampiric dagger.
The centaur misses you.
The adder hisses angrily.
The centaur hits you.
Casting: Foxfire (safe; 1% risk of failure)
Confirm with . or Enter, or press ? or * to list all spells.
Aiming: Inner Flame (dangerous; 4% risk of failure)
Press: ? - help, Shift-Dir - straight line, f - centaur
Aim: a centaur, quivering arrows (chance to affect: 82%)
The centaur is filled with an inner flame.
The centaur hits you.
The orc wizard gestures at itself while chanting.
The orc wizard flickers and vanishes!
Deactivating autopickup; reactivate with Ctrl-A.
The centaur barely misses you.
You hit the centaur but do no damage.
The centaur hits you but does no damage.
The centaur barely misses you.
You slash the centaur!
Flame seeps out of the centaur.
You burn the centaur.
Flame seeps out of the centaur.
The centaur is heavily wounded.
The centaur is engulfed in blazing flames.
The centaur explodes!
The fiery explosion engulfs the orc.
The orc is heavily wounded.
The fiery explosion engulfs you!!!
Ouch! That really hurt!
You die...

######* *****###*
#.....***,,,,..,*
**#.o.Zo,<,,***..,*
******,.o....***** *.#**
,,,,,,,#.....* *.#
,,*****....o{#######.#
,,*****,**,##So○@..<.#
,,,,,**,**,#.Z########*****
,,,,,,.......## **,,,,,,,**
,,,,,,......#* **,,,,,,,,,**
,*,,,,......,****,,,*,*,*,,,**
**,,,,.....,,,,*,,,,,,,,,,,,,*
,,,,,,.....,**,*,,*,,,*,,,*,,*
***,,,####,,,,,*,,,,*,,,*,,,,*
* *,,** *,,,,,*,,*,,,_,,,*,,*


You could see an orc wizard, an adder, an orc and a jackal zombie.

Vanquished Creatures
  Grinder (D:4)
  An ice beast (D:5)
  An ogre (D:5)
  A centaur (D:6)
  A phantom (D:5)
  2 bullfrogs (Sewer)
  2 scorpions
  A howler monkey (D:5)
  A hound (D:5)
  An orc priest (D:3)
  4 orc wizards
  3 worker ants
  A worker ant zombie (D:4)
  Robin (D:4)
  4 gnolls (D:4)
  8 adders
  6 river rats (Sewer)
  A shadow imp (D:5)
  2 white imps
  An ooze (Sewer)
  7 worms
  2 dart slugs
  4 leopard geckos
  6 orcs
  16 ball pythons
  2 bats
  3 giant cockroaches
  13 goblins
  8 hobgoblins
  3 quokkas
  6 frilled lizards
  6 kobolds
  A quokka skeleton (D:5)
  28 rats
148 creatures vanquished.

Vanquished Creatures (others)
  403 foxfires
  14 fungi (D:5)
  A withered plant (D:5)
418 creatures vanquished.

Grand Total: 566 creatures vanquished

Notes
Turn   | Place    | Note
-------+----------+-------------------------------------------
     0 | D:1      | siradein the Gargoyle Fire Elementalist began the quest for
                  | the Orb.
     0 | D:1      | Reached XP level 1. HP: 10/10 MP: 3/3
   264 | D:1      | Reached XP level 2. HP: 15/15 MP: 0/5
   743 | D:1      | Reached skill level 4 in Fire Magic
  1238 | D:2      | Reached XP level 3. HP: 7/19 MP: 0/6
  2001 | D:2      | Found a glowing silver altar of Zin.
  2258 | D:3      | Found a glowing drain.
  2279 | D:3      | Reached XP level 4. HP: 24/24 MP: 2/7
  2321 | Sewer    | Entered a sewer
  2374 | Sewer    | Reached skill level 5 in Fire Magic
  2595 | Sewer    | Reached XP level 5. HP: 28/28 MP: 4/8
  2864 | Sewer    | Reached skill level 6 in Fire Magic
  2916 | Sewer    | Reached XP level 6. HP: 26/32 MP: 4/9
  2926 | Sewer    | Reached skill level 7 in Fire Magic
  3230 | D:3      | Learned a level 3 spell: Conjure Flame
  3234 | D:3      | Learned a level 3 spell: Inner Flame
  4324 | D:4      | Reached XP level 7. HP: 36/36 MP: 8/10
  4462 | D:4      | Reached skill level 8 in Fire Magic
  4634 | D:4      | Noticed Robin
  4647 | D:4      | Killed Robin
  5161 | D:4      | Noticed Grinder
  5168 | D:4      | Killed Grinder
  5169 | D:4      | Reached skill level 9 in Fire Magic
  5474 | D:5      | Entered Level 5 of the Dungeon
  5555 | D:5      | Found a stormy altar of Qazlal.
  5568 | D:5      | Found an ornate altar of the Wu Jian Council.
  5576 | D:5      | Found a blossoming altar of Fedhas.
  5612 | D:5      | Reached XP level 8. HP: 41/41 MP: 11/11
  5846 | D:5      | Reached skill level 10 in Fire Magic
  6447 | D:5      | Found an ancient bone altar of Kikubaaqudgha.
  6616 | D:6      | Killed by an exploding centaur... ignited by their inner
                  | flame

Illustrated notes

Levels and vault maps discovered:
D:1:      dpeg_arrival_pits, layout_loops_cross, chequers_serial_rivers_marsh
D:2:      layout_basic, nicolae_overflow_crystal_walls,
          chequers_ecumenical_altar_island, minmay_pentomino_s2
D:3:      layout_rooms, cheibrodos_sewer_entry_bend
D:4:      layout_rooms, uniq_robin, uniq_grinder
D:5:      layout_basic, grunt_temple_overflow_forces_of_nature,
          kiku_gazebo_garden_becter, kennysheep_mini_moat, serial_aquarium,
          aquarium_bridge_square [aquarium_subvault_window,
          aquarium_subvault_bridge, aquarium_subvault_wall,
          aquarium_subvault_wall], aquarium_bridge_square
          [aquarium_subvault_window, aquarium_subvault_balcony,
          aquarium_subvault_window, aquarium_subvault_bridge],
          aquarium_window_fake, aquarium_window_corridor_3, aquarium_view_2g,
          aquarium_pool_1, grunt_ministairs_15, grunt_decor_one_mirror,
          hex_medium, minmay_misc_feat_square, minmay_fountain_box,
          minmay_misc_feat_columns
D:6:      layout_rooms, nicolae_vehumet_radiance,
          lightli_ossuary_entry_decrepit_ruins, grunt_decor_clamped

Skill      XL: |  1  2  3  4  5  6  7  8 |
---------------+-------------------------+-----
Fire Magic     | 4 5 6 7 9 10 | 10.4
Dodging        | |  1.5
Stealth        | |  2.1
Spellcasting   | |  2.0
Conjurations   | |  1.1

Action                   |  1- 3 |  4- 6 |  7- 9 || total
-------------------------+-------+-------+-------++-------
Melee: Whip              |       |     2 |       ||     2
       War axe           |       |       |     2 ||     2
 Cast: Foxfire           |    75 |    83 |    79 ||   237
       Inner Flame       |       |       |    24 ||    24
  Use: Scroll            |     3 |       |     2 ||     5
Armor: Robe              |    19 |    29 |     3 ||    51
Dodge: Dodged            |    30 |    47 |     5 ||    82

Table legend: (Time is in decaauts)
 A = Elapsed time spent in this place.
 B = Non-inter-level travel time spent in this place.
 C = Inter-level travel time spent in this place.
 D = Time resting spent in this place.
 E = Time spent auto-exploring this place.
 F = Levels seen in this place.
 G = Mean time per level.
                   A        B        C        D        E       F      G
               +--------+--------+--------+--------+--------+-----+--------+
         Total |   6696 |   6574 |    122 |    515 |   4732 |   7 |  956.6 |
       Dungeon |   5772 |   5650 |    122 |    515 |   3988 |   6 |  962.0 |
         Sewer |    923 |    923 |      0 |      0 |    743 |   1 |  923.0 |
               +--------+--------+--------+--------+--------+-----+--------+

Top non-repeatable levels by time:
     D:4: 1374 daAuts
     D:1: 1227 daAuts
     D:5: 1127 daAuts
     D:3: 1066 daAuts
     D:2: 963 daAuts
   Sewer: 923 daAuts
     D:6: 14 daAuts
